 Dungeon Crawl Stone Soup version 0.30-a0-341-g682706514a (webtiles) character file.

Game seed: 349575259344610591

113 lunkers the Cudgeller (level 5, 0/45 HPs)
             Began as a Meteoran Fighter on Nov 1, 2022.
             Was an Initiate of Okawaru.
             Slain by an adder (1 damage)
             ... on level 4 of the Dungeon.
             The game lasted 00:02:14 (1112 turns).

lunkers the Cudgeller (Meteoran Fighter)            Turns: 1112, Time: 00:02:15

Health: 0/45       AC:  6    Str: 19    XL:     5   Next: 41%
Magic:  6/6        EV:  9    Int:  9    God:    Okawaru [......]
Gold:   102        SH:  5    Dex: 14    Spells: 4/4 levels left

rFire   . . .      SeeInvis .    a - +0 flail
rCold   . . .      Faith    .    c - +0 buckler
rNeg    . . .      Spirit   .    b - +0 scale mail
rPois   .          Reflect  .    (no helmet)
rElec   .          Harm     .    (no cloak)
rCorr   .          Rampage  .    (no gloves)
Will    .....                    (no boots)
Stlth   ..........               (no amulet)
HPRegen 0.27/turn                (no ring)
MPRegen 0.10/turn                (no ring)

@: brilliant, lethally poisoned (0 -> -4), glowing
A: sense surroundings 1, otherworldly, glowing, explore regen
a: Renounce Religion


You were on level 4 of the Dungeon.
You worshipped Okawaru.
Okawaru was noncommittal.
You visited 1 branch of the dungeon, and saw 4 of its levels.

You collected 102 gold pieces.

Inventory:

Hand Weapons
 a - a +0 flail (weapon)
Armour
 b - a +0 scale mail (worn)
 c - a +0 buckler (worn)
 k - a +0 kite shield
Jewellery
 e - a +6 ring of dexterity
Wands
 j - a wand of paralysis (5)
Scrolls
 h - a scroll of fear {unknown}
 m - a scroll of blinking {unknown}
 n - a scroll of teleportation {unknown}
 p - a scroll of identify {unknown}
 q - a scroll of magic mapping {unknown}
Potions
 d - a potion of might
 f - a potion of invisibility {unknown}
 g - a potion of resistance {unknown}
 i - 2 potions of brilliance
 l - a potion of ambrosia {unknown}
 o - a potion of curing {unknown}


   Skills:
 - Level 3.2 Fighting
 + Level 6.6 Maces & Flails
 - Level 3.6 Armour
 - Level 3.6 Shields


You had 4 spell levels left.
You didn't know any spells.
Your spell library contained the following spells:

 Spells                   Type           Power      Damage    Failure   Level
 Malign Gateway           Summ/Tloc      Unusable   N/A       N/A         7
 Summon Horrible Things   Summ           Unusable   N/A       N/A         8

Dungeon Overview and Level Annotations

Branches:
Dungeon (4/15) Zot: 1264
 Temple: D:4-7

Altars:
Okawaru


Innate Abilities, Weirdness & Mutations

You passively map a small area around you.
You are easily found by Zot.
You glow in the dark.
You regain HP and MP as you explore.


Message History

You hit the adder.
The adder is severely wounded.
The adder bites you.
* * * LOW HITPOINT WARNING * * *
The endoplasm freezes you.
You are frozen.
* * * LOW HITPOINT WARNING * * *
The adder bites you.
* * * LOW HITPOINT WARNING * * *
You are poisoned.
The adder poisons you!
The endoplasm hits you but does no damage.
You closely miss the adder.
The adder is severely wounded.
You feel sick. You block the adder's attack. The endoplasm freezes you.
You are frozen.
* * * LOW HITPOINT WARNING * * *
You miss the adder.
The adder is severely wounded.
You feel sick. The adder barely misses you.
The endoplasm hits you but does no damage.
You closely miss the adder.
The adder is severely wounded.
You feel sick.
The adder bites you but does no damage. x2
The endoplasm hits you but does no damage.
You miss the adder.
The adder is severely wounded.
* * * LOW HITPOINT WARNING * * *
You feel sick. The adder bites you.
* * * LOW HITPOINT WARNING * * *
You are more poisoned.
The adder poisons you! The endoplasm closely misses you.
It was a potion of brilliance.
You feel clever all of a sudden.
* * * LOW HITPOINT WARNING * * *
You feel sick. The adder bites you but does no damage.
The endoplasm hits you but does no damage.
The adder bites you.
You die...

* #.#.....#
#...... *
####...###.#
#...... #......#
*.# #...... * *
,#.##...###.#
###.... * #
*#.#.....# #...#
#, , #.#.#.###
##..# #.#.#,
#.#.#.#* #..#
#.....##..#....#
#..
#......@.#.:##?#
#. #.....JS.##.#
.# #.....#.## <#
# *, ##...#$..*
.# * ##.#.... ..
, , #.#.....,..
* . #.....* , ,
#, ##...## ,


You could see an adder and an endoplasm.

Vanquished Creatures
  A jelly (D:3)
  6 adders
  A dart slug (D:2)
  An orc (D:3)
  2 endoplasms
  4 goblins
  7 hobgoblins
  A quokka (D:3)
  2 bats (D:2)
  A frilled lizard (D:2)
  3 kobolds
29 creatures vanquished.

Notes
Turn   | Place    | Note
-------+----------+-------------------------------------------
     0 | D:1      | lunkers the Meteoran Fighter began the quest for the Orb.
     0 | D:1      | Reached XP level 1. HP: 19/19 MP: 2/2
    11 | D:1      | Reached skill level 3 in Maces & Flails
    39 | D:1      | Reached XP level 2. HP: 26/26 MP: 3/3
   283 | D:2      | Reached skill level 4 in Maces & Flails
   283 | D:2      | Reached XP level 3. HP: 28/31 MP: 4/4
   495 | D:2      | Reached skill level 5 in Maces & Flails
   495 | D:2      | Reached XP level 4. HP: 11/38 MP: 5/5
   828 | D:3      | Reached skill level 6 in Maces & Flails
   828 | D:3      | Reached XP level 5. HP: 19/45 MP: 6/6
   921 | D:3      | Found an iron altar of Okawaru.
   929 | D:3      | Became a worshipper of Warmaster Okawaru
  1111 | D:4      | HP: 2/45 [adder (2)]
  1112 | D:4      | Slain by an adder

Illustrated notes

Levels and vault maps discovered:
D:1:      dpeg_arrival_morbid_curiosity, layout_basic, bh_walls_and_bars
D:2:      minmay_wonky_spiral, layout_basic
D:3:      layout_basic, kennysheep_okawaru_gauntlet,
          gammafunk_temple_overflow_wave
D:4:      layout_loops_ring, lemuel_flame_loot_1

Skill      XL: |  1  2  3  4 |
---------------+-------------+-----
Maces & Flails | 3 4 5 6 |  6.6
Fighting       | |  3.2
Armour         | |  3.6
Shields        | |  3.6

Action                   |  1- 3 |  4- 6 || total
-------------------------+-------+-------++-------
Melee: Flail             |    70 |    44 ||   114
  Use: Potion            |       |     1 ||     1
Armor: Scale mail        |    41 |    33 ||    74
Dodge: Dodged            |    29 |    16 ||    45
Block: Buckler           |    17 |     8 ||    25

Table legend: (Time is in decaauts)
 A = Elapsed time spent in this place.
 B = Non-inter-level travel time spent in this place.
 C = Inter-level travel time spent in this place.
 D = Time resting spent in this place.
 E = Time spent auto-exploring this place.
 F = Levels seen in this place.
 G = Mean time per level.
                   A        B        C        D        E       F      G
               +--------+--------+--------+--------+--------+-----+--------+
         Total |   1134 |   1075 |     59 |      0 |    784 |   4 |  283.5 |
       Dungeon |   1134 |   1075 |     59 |      0 |    784 |   4 |  283.5 |
               +--------+--------+--------+--------+--------+-----+--------+

Top non-repeatable levels by time:
     D:2: 479 daAuts
     D:3: 329 daAuts
     D:1: 270 daAuts
     D:4: 55 daAuts
